 Dungeon Crawl Stone Soup version 0.28-a0-657-g71136c5590 (webtiles) character file.

Game seed: 4810051275202193765

186 ytrimaz the Ruffian (level 5, -1/63 HPs)
             Began as a Demonspawn Berserker on Oct 13, 2021.
             Was a Believer of Trog.
             Succumbed to an orc wizard's poison
             ... on level 2 of the Dungeon.
             The game lasted 00:02:18 (1734 turns).

ytrimaz the Ruffian (Demonspawn Berserker)          Turns: 1734, Time: 00:02:18

Health: -1/63      AC:  6    Str: 19    XL:     5   Next: 38%
Magic:  5/5        EV: 11    Int:  8    God:    Trog [**....]
Gold:   16         SH:  0    Dex: 12    Spells: 4/4 levels left

rFire   . . .      SeeInvis .     - Unarmed
rCold   . . .      Faith    .   (no shield)
rNeg    . . .      Spirit   .   d - +0 ring mail
rPois   .          Reflect  .   (helmet restricted)
rElec   .          Harm     .   a - +0 cloak
rCorr   .          Rampage  .   (no gloves)
Will    .....                   (no boots)
Stlth   ..........              (no amulet)
HPRegen 0.20/turn               (no ring)
MPRegen 0.09/turn               (no ring)

@: berserking (expiring), lethally poisoned (-1 -> -19), very quick
A: horns 1, powered by death 1, demonic magic 1
a: Renounce Religion, Berserk, Trog's Hand


You were on level 2 of the Dungeon.
You worshipped Trog.
Trog was pleased with you.
You visited 1 branch of the dungeon, and saw 2 of its levels.

You collected 16 gold pieces.

Inventory:

Armour
 a - a +0 cloak (worn)
 d - a +0 ring mail (worn)
Scrolls
 c - a scroll of teleportation
Potions
 b - 2 potions of might


   Skills:
 + Level 4.0 Fighting
 + Level 2.1 Armour
 + Level 2.5 Dodging
 + Level 4.4 Unarmed Combat


You had 4 spell levels left.
You didn't know any spells.
Your spell library was empty.

Dungeon Overview and Level Annotations

Branches:
Dungeon (2/15)

Altars:


Innate Abilities, Weirdness & Mutations

You have a pair of small horns on your head.
You regenerate a little health from kills.
Spells you cast may paralyse adjacent enemies.


Message History

You barely resist.
Your Fighting skill increases to level 4!
You have reached level 5!
Your demonic ancestry asserts itself...
A wave of death washes over you.
Your ring mail prevents you from hitting something.
You headbutt something!
You feel sick. Something hits you.
* * * LOW HITPOINT WARNING * * *
You are lethally poisoned!
The orc closely misses you.
Unknown command.
You barely miss the orc priest. You headbutt the orc priest!
You feel the power of Trog in you as your rage grows.
You kill the orc priest!
Trog accepts your kill.
* * * LOW HITPOINT WARNING * * *
You feel sick. The orc hits you but does no damage.
You hear some strange, mumbled words.
Something tries to affect you, but you resist.
You punch the orc!
You kill the orc!
Trog accepts your kill.
You feel very sick.
You miss something.
You feel sick. Something hits you.
* * * LOW HITPOINT WARNING * * *
You are lethally poisoned!
Unknown command.
You closely miss something.
* * * LOW HITPOINT WARNING * * *
You feel very sick.
You hit something.
* * * LOW HITPOINT WARNING * * *
You feel very sick. Something hits you but does no damage.
You hit something. Trog accepts your kill.
Trog appreciates your killing of a magic user.
Reactivating autopickup.
You feel a bit more experienced.
You die...

.......######....#.#
###.# ###.....###
##.#(#.# .# #
#......8# #...#.# # #
###.....## #.....#
###.#8.....########
...####.†...#8###8###
...#
##............####
####
#.......)).......
##....[..)@)..#
###.....#8###8###
#####8.....##### ##
############
....#.....##...#
####...........
###......8####.#
#.........#####
#.....###....#
#####≈##### #....##
#.##.# #...≈...#
###8#####.##.#
#PP≈...##
###..##.##.# ##.≈.P##


There were no monsters in sight!

Vanquished Creatures
  A necrophage (D:2)
  2 orc priests (D:2)
  An orc wizard (D:2)
  2 orcs (D:2)
  4 ball pythons
  5 bats
  4 endoplasms
  3 giant cockroaches
  3 goblins
  A hobgoblin (D:2)
  6 jackals (D:1)
  4 quokkas
  4 kobolds
  A rat (D:1)
41 creatures vanquished.

Vanquished Creatures (others)
  5 fungi (D:2)
  4 plants (D:2)
9 creatures vanquished.

Grand Total: 50 creatures vanquished

Notes
Turn   | Place    | Note
-------+----------+-------------------------------------------
     0 | D:1      | ytrimaz the Demonspawn Berserker began the quest for the
                  | Orb.
     0 | D:1      | Reached XP level 1. HP: 18/18 MP: 1/1
   333 | D:1      | Gained mutation: You have a pair of small horns on your
                  | head. [demonic ancestry]
   333 | D:1      | Reached XP level 2. HP: 24/24 MP: 2/2
   833 | D:1      | Reached XP level 3. HP: 10/29 MP: 3/3
  1244 | D:2      | Reached ** piety under Trog
  1463 | D:2      | Found a faded altar of an unknown god.
  1531 | D:2      | Noticed a necrophage
  1541 | D:2      | Killed a necrophage
  1542 | D:2      | Gained mutation: Spells you cast may paralyse adjacent
                  | enemies. [demonic ancestry]
  1542 | D:2      | Reached XP level 4. HP: 37/37 MP: 4/4
  1728 | D:2      | Gained mutation: You regenerate a little health from kills.
                  | [demonic ancestry]
  1728 | D:2      | Reached XP level 5. HP: 19/42 MP: 5/5
  1733 | D:2      | HP: 2/63 [poisoned by an orc wizard]
  1734 | D:2      | Succumbed to an orc wizard's poison

Illustrated notes

Levels and vault maps discovered:
D:1:      wander_arrival_chamber, layout_basic
D:2:      layout_loops_ring, shapermc_ecumenical_altar_hornbeckon,
          chequers_hall_statues_y

Skill      XL: |  1  2  3  4 |
---------------+-------------+-----
Unarmed Combat | 3 4 |  4.4
Armour         | 2 |  2.1
Dodging        | 2 |  2.5
Fighting       | 4 |  4.0

Action                   |  1- 3 |  4- 6 || total
-------------------------+-------+-------++-------
Melee: Unarmed           |   101 |    27 ||   128
       Punch             |     2 |       ||     2
       Headbutt          |    10 |     3 ||    13
Invok: Berserk           |     4 |     1 ||     5
  Use: Scroll            |     4 |       ||     4
Armor: Animal skin       |    21 |       ||    21
       Ring mail         |    11 |    20 ||    31
Dodge: Dodged            |    68 |    17 ||    85

Table legend: (Time is in decaauts)
 A = Elapsed time spent in this place.
 B = Non-inter-level travel time spent in this place.
 C = Inter-level travel time spent in this place.
 D = Time resting spent in this place.
 E = Time spent auto-exploring this place.
 F = Levels seen in this place.
 G = Mean time per level.
                   A        B        C        D        E       F      G
               +--------+--------+--------+--------+--------+-----+--------+
         Total |   1762 |   1756 |      6 |    163 |   1207 |   2 |  881.0 |
       Dungeon |   1762 |   1756 |      6 |    163 |   1207 |   2 |  881.0 |
               +--------+--------+--------+--------+--------+-----+--------+

Top non-repeatable levels by time:
     D:1: 1247 daAuts
     D:2: 514 daAuts
